SA
PHOENIX HOTSPUR U-21 @ WASHINGTON GENERALS
08/02/2027
 
TOP OF THE 1ST
Phoenix Hotspur U-21 batting - Pitching for Washington Generals : LHP Arnold Safi
Pitching: LHP Arnold Safi
Batting: RHB Solomon Norment 0-0: Ball
1-0: Ball
2-0: Fly out, F8 (Flyball, 89M)
Batting: LHB Tyler Kinjeketile 0-0: Called Strike
0-1: SINGLE (Line Drive, 4D)
Batting: LHB Corey Ferguson 0-0: Ground out U3 (Groundball, 34)
Tyler Kinjeketile to second
Batting: RHB Juan Negrete 0-0: Foul Ball, location: 2F
0-1: Called Strike
0-2: Ball
1-2: Strikes out looking
Top of the 1st over - 0 run(s), 1 hit(s), 0 error(s), 1 left on base; Phoenix 0 - Washington 0
BOTTOM OF THE 1ST
Washington Generals batting - Pitching for Phoenix Hotspur U-21 : RHP Maru Pao Pao
Pitching: RHP Maru Pao Pao
Batting: RHB David Tineo 0-0: Foul Ball, location: 2F
0-1: Ball
1-1: Called Strike
1-2: Ball
2-2: Ball
3-2: Base on Balls
Batting: RHB Ricardo Bruno 0-0: Called Strike
0-1: Ball
1-1: Ball
2-1: Ball
David Tineo is caught stealing 2nd base
3-1: Foul Ball, location: 2F
3-2: Foul Ball, location: 2F
3-2: SINGLE (Flyball, 7LS)
Batting: RHB Ken Bone 0-0: Ball
1-0: Called Strike
1-1: Ball
2-1: Ball
3-1: Fly out, F8 (Flyball, 78S)
Batting: LHB Ryan Marken 0-0: Ball
1-0: Swinging Strike
1-1: Swinging Strike
1-2: Strikes out swinging
Bottom of the 1st over - 0 run(s), 1 hit(s), 0 error(s), 1 left on base; Phoenix 0 - Washington 0
TOP OF THE 2ND
Phoenix Hotspur U-21 batting - Pitching for Washington Generals : LHP Arnold Safi
Batting: RHB Bill Erickson 0-0: Fly out, F9 (Flyball, 89M)
Batting: LHB Jason DeGeorge 0-0: Called Strike
0-1: Ball
1-1: Called Strike
1-2: SINGLE (Line Drive, 9S)
Batting: SHB Huey Wood 0-0: Called Strike
Jason DeGeorge is caught stealing 2nd base
0-1: Ball
1-1: Ball
2-1: Called Strike
2-2: Strikes out looking
Top of the 2nd over - 0 run(s), 1 hit(s), 0 error(s), 0 left on base; Phoenix 0 - Washington 0
BOTTOM OF THE 2ND
Washington Generals batting - Pitching for Phoenix Hotspur U-21 : RHP Maru Pao Pao
Batting: SHB Pedro Villarreal 0-0: Ground out 4-3 (Groundball, 4)
Batting: RHB Brant Thigpen 0-0: Ball
1-0: Ball
2-0: Called Strike
2-1: Called Strike
2-2: DOUBLE (Flyball, 89D)
Batting: RHB Jason Alston 0-0: Called Strike
0-1: Ball
1-1: Called Strike
1-2: Foul Ball, location: 2F
1-2: Ball
2-2: Strikes out swinging
Batting: RHB Mike Lipide 0-0: Foul Ball, location: 2F
0-1: Ball
1-1: Ball
2-1: Foul Ball, location: 2F
2-2: Foul Ball, location: 2F
2-2: Strikes out swinging
Bottom of the 2nd over - 0 run(s), 1 hit(s), 0 error(s), 1 left on base; Phoenix 0 - Washington 0
TOP OF THE 3RD
Phoenix Hotspur U-21 batting - Pitching for Washington Generals : LHP Arnold Safi
Batting: RHB Dale Everest 0-0: SINGLE (Popup, 34D)
Batting: RHB Kyle Vandusen 0-0: Ball
1-0: Called Strike
1-1: Called Strike
1-2: Ball
2-2: Ground out 5-3 (Groundball, 56S)
Dale Everest to second
Batting: RHB Solomon Norment 0-0: Called Strike
0-1: Swinging Strike
0-2: Strikes out swinging
Batting: LHB Tyler Kinjeketile 0-0: Called Strike
0-1: Swinging Strike
0-2: SINGLE (Line Drive, 8RS)
Dale Everest to third
Runner from 3rd tries for Home, SAFE, no throw
Batting: LHB Corey Ferguson 0-0: Called Strike
0-1: Called Strike
0-2: Fly out, F8 (Flyball, 8LM)
Top of the 3rd over - 1 run(s), 2 hit(s), 0 error(s), 1 left on base; Phoenix 1 - Washington 0
BOTTOM OF THE 3RD
Washington Generals batting - Pitching for Phoenix Hotspur U-21 : RHP Maru Pao Pao
Batting: RHB Chad Silander 0-0: Called Strike
0-1: Foul Ball, location: 2F
0-2: Ball
1-2: Strikes out looking
Batting: RHB David Tineo 0-0: Foul Ball, location: 2F
0-1: Foul Ball, location: 2F
0-2: Ball
1-2: Ball
2-2: Ball
3-2: Strikes out swinging
Batting: RHB Ricardo Bruno 0-0: Fly out, F9 (Flyball, 9S)
Bottom of the 3rd over - 0 run(s), 0 hit(s), 0 error(s), 0 left on base; Phoenix 1 - Washington 0
TOP OF THE 4TH
Phoenix Hotspur U-21 batting - Pitching for Washington Generals : LHP Arnold Safi
Batting: RHB Juan Negrete 0-0: Foul Ball, location: 2F
0-1: SOLO HOME RUN (Flyball, 78XD), Distance : 422 ft
Batting: RHB Bill Erickson 0-0: Ball
1-0: Swinging Strike
1-1: Foul Ball, location: 2F
1-2: Strikes out looking
Batting: LHB Jason DeGeorge 0-0: Fly out, F5 (Popup, 56)
Batting: SHB Huey Wood 0-0: Called Strike
0-1: Swinging Strike
0-2: Ball
1-2: Strikes out swinging
Top of the 4th over - 1 run(s), 1 hit(s), 0 error(s), 0 left on base; Phoenix 2 - Washington 0
BOTTOM OF THE 4TH
Washington Generals batting - Pitching for Phoenix Hotspur U-21 : RHP Maru Pao Pao
Batting: RHB Ken Bone 0-0: Ball
1-0: Swinging Strike
1-1: Ground out 1-3 (Groundball, 15)
Batting: LHB Ryan Marken 0-0: Ball
1-0: Ball
2-0: Called Strike
2-1: Called Strike
2-2: Fly out, F7 (Line Drive, 78M)
Batting: SHB Pedro Villarreal 0-0: Called Strike
0-1: SINGLE (Line Drive, 9)
Batting: RHB Brant Thigpen 0-0: Ball
1-0: Ball
Pedro Villarreal is caught stealing 2nd base
Bottom of the 4th over - 0 run(s), 1 hit(s), 0 error(s), 0 left on base; Phoenix 2 - Washington 0
TOP OF THE 5TH
Phoenix Hotspur U-21 batting - Pitching for Washington Generals : LHP Arnold Safi
Batting: RHB Dale Everest 0-0: Swinging Strike
0-1: DOUBLE (Line Drive, 7LM)
Batting: RHB Kyle Vandusen 0-0: Foul Ball, location: 2F
0-1: Ball
1-1: Ball
2-1: Foul Ball, location: 2F
2-2: Strikes out swinging
Batting: RHB Solomon Norment 0-0: Intentional Walk
Batting: LHB Tyler Kinjeketile 0-0: Ball
1-0: Ball
2-0: Called Strike
2-1: Ball
3-1: Base on Balls
Dale Everest to third
Solomon Norment to second
Batting: LHB Corey Ferguson 0-0: Ball
1-0: Called Strike
1-1: Foul Ball, location: 2F
1-2: Ball
2-2: Strikes out swinging
Batting: RHB Juan Negrete 0-0: Called Strike
0-1: Ball
1-1: Ball
2-1: Foul Ball, location: 2F
2-2: Foul Ball, location: 2F
2-2: SINGLE (Flyball, 8RS)
Dale Everest scores
Solomon Norment to third
Tyler Kinjeketile to second
Runner from 3rd tries for Home, SAFE, no throw
Batting: RHB Bill Erickson 0-0: Foul Ball, location: 2F
0-1: Called Strike
0-2: SINGLE (Groundball, 56) (infield hit)
Tyler Kinjeketile to third
Juan Negrete to second
Batting: LHB Jason DeGeorge 0-0: Called Strike
0-1: Swinging Strike
0-2: Ball
1-2: Ball
2-2: Ball
3-2: Foul Ball, location: 2F
3-2: Strikes out swinging
Top of the 5th over - 2 run(s), 3 hit(s), 0 error(s), 3 left on base; Phoenix 4 - Washington 0
BOTTOM OF THE 5TH
Washington Generals batting - Pitching for Phoenix Hotspur U-21 : RHP Maru Pao Pao
Batting: RHB Brant Thigpen 0-0: Ground out U3 (Groundball, 34S)
Batting: RHB Jason Alston 0-0: Foul Ball, location: 2F
0-1: Ball
1-1: SINGLE (Groundball, 56S) (infield hit)
Batting: RHB Mike Lipide 0-0: Foul Ball, location: 2F
0-1: SINGLE (Line Drive, 4M)
Jason Alston to second
Batting: RHB Chad Silander 0-0: Swinging Strike
0-1: Foul Ball, location: 2F
0-2: Ball
1-2: Ball
2-2: Strikes out swinging
Batting: RHB David Tineo 0-0: Ball
1-0: Ball
2-0: Called Strike
2-1: Swinging Strike
2-2: Foul Ball, location: 2F
2-2: Foul Ball, location: 2F
2-2: Strikes out swinging
Bottom of the 5th over - 0 run(s), 2 hit(s), 0 error(s), 2 left on base; Phoenix 4 - Washington 0
TOP OF THE 6TH
Phoenix Hotspur U-21 batting - Pitching for Washington Generals : LHP Arnold Safi
Batting: SHB Huey Wood 0-0: Called Strike
0-1: Ball
1-1: Called Strike
1-2: Foul Ball, location: 2F
1-2: Strikes out swinging
Batting: RHB Dale Everest 0-0: Foul Ball, location: 2F
0-1: Called Strike
0-2: Ball
1-2: Strikes out swinging
Batting: RHB Kyle Vandusen 0-0: Called Strike
0-1: Ball
1-1: Swinging Strike
1-2: Ball
2-2: Ball
3-2: Foul Ball, location: 2F
3-2: Strikes out swinging
Top of the 6th over - 0 run(s), 0 hit(s), 0 error(s), 0 left on base; Phoenix 4 - Washington 0
BOTTOM OF THE 6TH
Washington Generals batting - Pitching for Phoenix Hotspur U-21 : RHP Maru Pao Pao
Batting: RHB Ricardo Bruno 0-0: Called Strike
0-1: Called Strike
0-2: Ball
1-2: Ground out 6-3 (Groundball, 6S)
Batting: RHB Ken Bone 0-0: Ball
1-0: Ground out 4-3 (Groundball, 4)
Batting: LHB Ryan Marken 0-0: Called Strike
0-1: Fly out, F4 (Line Drive, 34)
Bottom of the 6th over - 0 run(s), 0 hit(s), 0 error(s), 0 left on base; Phoenix 4 - Washington 0
TOP OF THE 7TH
Phoenix Hotspur U-21 batting - Pitching for Washington Generals : LHP Arnold Safi
Pitching: RHP Orlando Peralta
Batting: RHB Solomon Norment 0-0: Swinging Strike
0-1: Called Strike
0-2: Strikes out looking
Batting: LHB Tyler Kinjeketile 0-0: Ball
1-0: Fly out, F9 (Flyball, 89S)
Batting: LHB Corey Ferguson 0-0: Ball
1-0: Fly out, F9 (Flyball, 89M)
Top of the 7th over - 0 run(s), 0 hit(s), 0 error(s), 0 left on base; Phoenix 4 - Washington 0
BOTTOM OF THE 7TH
Washington Generals batting - Pitching for Phoenix Hotspur U-21 : RHP Maru Pao Pao
Batting: SHB Pedro Villarreal 0-0: Called Strike
0-1: Ball
1-1: SINGLE (Line Drive, 89S)
Batting: RHB Brant Thigpen 0-0: Ball
1-0: Foul Ball, location: 2F
1-1: Ball
2-1: SINGLE (Flyball, 6MD)
Pedro Villarreal to second
Batting: RHB Jason Alston 0-0: Called Strike
0-1: Foul Ball, location: 2F
0-2: Strikes out looking
Batting: RHB Mike Lipide 0-0: Called Strike
0-1: DOUBLE (Line Drive, 89M)
Pedro Villarreal scores
Brant Thigpen to third
Batting: RHB Chad Silander 0-0: Ball
1-0: Called Strike
1-1: Ball
2-1: Ball
3-1: SINGLE (Groundball, 6D)
Brant Thigpen scores
Mike Lipide to third
Runner from 3rd tries for Home, SAFE, no throw
Pinch Hitting: RHB Jim Unknown 0-0: SINGLE (Line Drive, 7LS)
Chad Silander to second
Batting: RHB Ricardo Bruno 0-0: Fly out, F8 (Line Drive, 89M)
Runner from 2nd tags up, SAFE at 3rd with throw
Batting: RHB Ken Bone 0-0: Fly out, F3 (Line Drive, 3)
Bottom of the 7th over - 3 run(s), 5 hit(s), 0 error(s), 2 left on base; Phoenix 4 - Washington 3
TOP OF THE 8TH
Phoenix Hotspur U-21 batting - Pitching for Washington Generals : RHP Orlando Peralta
Now in CF: Ricardo Sandoval
Batting: RHB Juan Negrete 0-0: Called Strike
0-1: Ball
1-1: Fly out, F4 (Line Drive, 4M)
Batting: RHB Bill Erickson 0-0: Ball
1-0: Foul Ball, location: 2F
1-1: Foul Ball, location: 2F
1-2: Foul Ball, location: 2F
1-2: Foul Ball, location: 2F
1-2: TRIPLE (Line Drive, 3L)
Batting: LHB Jason DeGeorge 0-0: Intentional Walk
Batting: SHB Huey Wood 0-0: Called Strike
0-1: Ball
Wild Pitch!
Bill Erickson scores
Jason DeGeorge to second
1-1: Ball
2-1: Foul Ball, location: 2F
2-2: Ball
3-2: Foul Ball, location: 2F
3-2: Strikes out swinging
Batting: RHB Dale Everest 0-0: Called Strike
0-1: Ball
1-1: Called Strike
1-2: Fly out, F3 (Popup, 3S)
Top of the 8th over - 1 run(s), 1 hit(s), 0 error(s), 1 left on base; Phoenix 5 - Washington 3
BOTTOM OF THE 8TH
Washington Generals batting - Pitching for Phoenix Hotspur U-21 : RHP Maru Pao Pao
Batting: LHB Ryan Marken 0-0: Ball
1-0: Foul Ball, location: 2F
1-1: Called Strike
1-2: Ball
2-2: Strikes out swinging
Pitching: LHP Ismael Lara
Batting: SHB Pedro Villarreal 0-0: Called Strike
0-1: Foul Ball, location: 2F
0-2: Ball
1-2: Ball
2-2: Ball
3-2: SINGLE (Line Drive, 4D)
Batting: RHB Brant Thigpen 0-0: Swinging Strike
0-1: Ball
1-1: Foul Ball, location: 2F
1-2: Strikes out swinging
Batting: RHB Jason Alston 0-0: Foul Ball, location: 2F
0-1: Swinging Strike
0-2: Ball
1-2: Foul Ball, location: 2F
1-2: Foul Ball, location: 2F
1-2: Strikes out swinging
Bottom of the 8th over - 0 run(s), 1 hit(s), 0 error(s), 1 left on base; Phoenix 5 - Washington 3
TOP OF THE 9TH
Phoenix Hotspur U-21 batting - Pitching for Washington Generals : RHP Orlando Peralta
Batting: RHB Kyle Vandusen 0-0: Foul Ball, location: 2F
0-1: Ball
1-1: Ball
2-1: Hit by Pitch
Batting: RHB Solomon Norment 0-0: Sac Bunt - play at first, batter OUT! 1-3
Kyle Vandusen to second
Batting: LHB Tyler Kinjeketile 0-0: Ground out 4-3 (Groundball, 4)
Kyle Vandusen to third
Batting: LHB Corey Ferguson 0-0: Ball
1-0: SINGLE (Groundball, 34D)
Kyle Vandusen scores
Batting: RHB Juan Negrete 0-0: Called Strike
0-1: Foul Ball, location: 2F
0-2: 2-RUN HOME RUN (Line Drive, 9D), Distance : 419 ft
Pitching: LHP Francisco Bojórquez
Batting: RHB Bill Erickson 0-0: Ball
1-0: Ball
2-0: Called Strike
2-1: Swinging Strike
2-2: Foul Ball, location: 2F
2-2: Foul Ball, location: 2F
2-2: Strikes out looking
Top of the 9th over - 3 run(s), 2 hit(s), 0 error(s), 0 left on base; Phoenix 8 - Washington 3
BOTTOM OF THE 9TH
Washington Generals batting - Pitching for Phoenix Hotspur U-21 : LHP Ismael Lara
Now in RF: Jeremias Nabais
Batting: RHB Mike Lipide 0-0: Foul Ball, location: 2F
0-1: Ball
1-1: Foul Ball, location: 2F
1-2: Foul Ball, location: 2F
1-2: Fly out, F9 (Flyball, 9S)
Batting: RHB Chad Silander 0-0: Ball
1-0: Foul Ball, location: 2F
1-1: Swinging Strike
1-2: Foul Ball, location: 2F
1-2: Ball
2-2: Strikes out swinging
Batting: RHB Ricardo Sandoval 0-0: Ball
1-0: Called Strike
1-1: Ball
2-1: Swinging Strike
2-2: Ball
3-2: Foul Ball, location: 2F
3-2: Foul Ball, location: 2F
3-2: Base on Balls
Batting: RHB Ricardo Bruno 0-0: DOUBLE (Line Drive, 78M)
Ricardo Sandoval to third
Runner from 3rd tries for Home, SAFE, no throw
Batting: RHB Ken Bone 0-0: Called Strike
0-1: Swinging Strike
0-2: Strikes out looking
Bottom of the 9th over - 1 run(s), 1 hit(s), 0 error(s), 1 left on base; Phoenix 8 - Washington 4
Saturday, May 26th, 2018 - OOTP Baseball 17.12 Build 75